 Dungeon Crawl Stone Soup version 0.30.0-10-gfe55d96785 (webtiles) character file.

Game seed: 4247531572143308090

280 MacCMillion the Chopper (level 6, -11/51 HPs)
             Began as a Minotaur Fighter on May 14, 2023.
             Mangled by an ogre
             ... wielding a +0 giant club
              (15 damage)
             ... on level 4 of the Dungeon.
             The game lasted 00:03:38 (2733 turns).

MacCMillion the Chopper (Minotaur Fighter)          Turns: 2733, Time: 00:03:39

Health: -11/51     AC:  8    Str: 23    XL:     6   Next: 5%
Magic:  5/5        EV:  9    Int:  5    God:
Gold:   143        SH:  4    Dex:  9    Spells: 5/5 levels left

rFire   . . .        a - +0 war axe
rCold   . . .        c - +0 buckler
rNeg    . . .        b - +0 scale mail
rPois   .            (helmet restricted)
rElec   .            (no cloak)
rCorr   .            (no gloves)
SInv    .            r - +0 pair of boots
Will    .....        (no amulet) Stlth
                     (no ring)
HPRegen 0.28/turn    (no ring)
MPRegen 0.09/turn

%: no passive effects
@: no status effects
A: horns 2, retaliatory headbutt
a: no special abilities


You were on level 4 of the Dungeon.
You visited 1 branch of the dungeon, and saw 4 of its levels.

You collected 143 gold pieces.

Inventory:

Hand Weapons
 a - a +0 war axe (weapon)
Missiles
 w - 10 poisoned darts (quivered)
Armour
 b - a +0 scale mail (worn)
 c - a +0 buckler (worn)
 r - a +0 pair of boots (worn)
Jewellery
 k - a ring of resist corrosion
 l - a ring of fire
Scrolls
 e - 2 scrolls of teleportation {unknown}
 f - 4 scrolls of identify {unknown}
 g - 2 scrolls of magic mapping {unknown}
 h - 2 scrolls of enchant weapon {unknown}
 j - a scroll of poison {unknown}
 o - 2 scrolls of enchant armour {unknown}
 p - a scroll of vulnerability {unknown}
 t - a scroll of silence {unknown}
Potions
 d - 2 potions of might
 i - a potion of flight {unknown}
 m - a potion of attraction {unknown}
 n - 5 potions of curing {unknown}
 q - 2 potions of brilliance {unknown}
 s - a potion of ambrosia {unknown}
 u - 2 potions of heal wounds {unknown}
 v - a potion of resistance {unknown}


   Skills:
 - Level 3.6 Fighting
 + Level 7.5 Axes
 - Level 3.7 Armour
 - Level 4.0 Shields


You had 5 spell levels left.
You didn't know any spells.
Your spell library contained the following spells:

 Spells                   Type           Power      Damage    Failure   Level
 Kiss of Death            Conj/Necr      0%         2d5       85%         1
 Call Canine Familiar     Summ           0%         N/A       99%         3
 Confusing Touch          Hex            0%         N/A       99%         3
 Portal Projectile        Hex/Tloc       0%         N/A       99%         3
 Dispel Undead            Necr           0%         3d6       100%        4
 Leda's Liquefaction      Hex/Erth       0%         N/A       100%        4


Dungeon Overview and Level Annotations

Branches:
Dungeon (4/15)
 Temple: D:4-7

Altars:
Wu Jian


Innate Abilities, Weirdness & Mutations

You have a pair of horns on your head.
You reflexively headbutt those who attack you in melee.


Message History

There is a stone staircase leading up here.
You climb upwards.
There is a stone staircase leading down here.
There is an open door here.
w - 7 poisoned darts (gained 3)
w - 10 poisoned darts (gained 3)
You see here a +0 club.
Done exploring.
Done exploring.
Search for what [Enter for "throw", or ? for help]?
You see here a +0 club.
You see here 7 stones.
Things that are here:
a +0 club; a gnoll skeleton
There is a stone staircase leading down here.
You climb downwards.
There is a stone staircase leading up, spattered with blood here.
Done exploring.
Done exploring.
There is a stone staircase leading down here.
You climb downwards.
There is a stone staircase leading up here.
You see here a staff of air.
There is a stone staircase leading down here.
You climb downwards.
The ogre completely misses you.
There is a stone staircase leading up here.
You barely miss the ogre.
The ogre hits you with a +0 giant club!!
You slash the ogre!
The ogre is moderately wounded.
You block the ogre's attack.
You barely miss the ogre.
The ogre is moderately wounded.
The ogre hits you with a +0 giant club!!
Ouch! That really hurt!
* * * LOW HITPOINT WARNING * * *
You hit the ogre.
The ogre is moderately wounded.
The ogre attacks as you move away! The ogre hits you with a +0 giant club!
You die...

##........ ## ........ ..#
#...!..# #####.# #......#
#.....# #......# #.....#
## #......# #.....# .
#......# #.....#.#
##...### #.[.O.#.#
####...#########@#<..#
........[........[.#######
.................>........
##############............
#....######## #......#
#....#.# #....#.# #....# #


You could see an ogre.

Vanquished Creatures
  2 orc priests
  Terence (D:3)
  An orc wizard (D:3)
  3 adders
  4 gnolls
  An ufetubus (D:4)
  4 worms (D:2)
  4 dart slugs
  6 orcs
  11 ball pythons
  2 endoplasms
  A giant cockroach (D:2)
  4 hobgoblins
  5 jackals
  6 kobolds
  4 quokkas
  9 bats
  5 frilled lizards
  5 goblins
  4 rats
82 creatures vanquished.

Notes
Turn   | Place    | Note
-------+----------+-------------------------------------------
     0 | D:1      | MacCMillion the Minotaur Fighter began the quest for the
                  | Orb.
     0 | D:1      | Reached XP level 1. HP: 19/19 MP: 0/0
    87 | D:1      | Reached XP level 2. HP: 10/26 MP: 1/1
   173 | D:1      | Reached skill level 3 in Axes
   454 | D:1      | Reached XP level 3. HP: 31/31 MP: 2/2
   596 | D:1      | Reached skill level 4 in Axes
   826 | D:2      | Found an ornate altar of the Wu Jian Council.
   838 | D:2      | Reached skill level 5 in Axes
   838 | D:2      | Reached XP level 4. HP: 24/39 MP: 3/3
  1720 | D:3      | Noticed Terence
  1725 | D:3      | Killed Terence
  1726 | D:3      | Reached skill level 6 in Axes
  1726 | D:3      | Reached XP level 5. HP: 45/45 MP: 4/4
  2048 | D:3      | Reached skill level 7 in Axes
  2208 | D:4      | Noticed an ogre
  2454 | D:4      | Reached XP level 6. HP: 27/51 MP: 5/5
  2733 | D:4      | Mangled by an ogre

Illustrated notes

Levels and vault maps discovered:
D:1:      amcnicky_arrival_feature_with_door, layout_loops_ring
D:2:      layout_rooms, basic_altar
D:3:      layout_basic, uniq_terence
D:4:      layout_basic, minmay_ogre_servants, uniq_robin, uniq_natasha,
          uniq_blork_the_orc

Skill      XL: |  1  2  3  4  5 |
---------------+----------------+-----
Shields        | 4 |  4.0
Axes           | 3 5 6 7 |  7.5
Fighting       | |  3.6
Armour         | |  3.7

Action                     |  1- 3 |  4- 6 || total
---------------------------+-------+-------++-------
  Melee: War axe           |    97 |    99 ||   196
         Headbutt          |    18 |    13 ||    31
 Armour: Scale mail        |    53 |    51 ||   104
  Dodge: Dodged            |    52 |    42 ||    94
  Block: Buckler           |    31 |    14 ||    45
